 Dungeon Crawl Stone Soup version 0.28-a0-439-g4cf4cd4993 (webtiles) character file.

Game seed: 1617950217510760817

2502 Conn the Firebug (level 9, -2/54 HPs)
             Began as an Octopode Fire Elementalist on Sept 11, 2021.
             Was a Follower of Sif Muna.
             Killed from afar by a gargoyle (8 damage)
             ... with a stone arrow
             ... on level 7 of the Dungeon.
             The game lasted 00:13:40 (7579 turns).

Conn the Firebug (Octopode Fire Elementalist)       Turns: 7579, Time: 00:13:40

Health: -2/54      AC:  1    Str:  7    XL:     9   Next: 53%
Magic:  12/19      EV: 28    Int: 21    God:    Sif Muna [*.....]
Gold:   320        SH:  0    Dex: 12    Spells: 10/21 levels left

rFire   + . .      SeeInvis .   a - staff of fire
rCold   . . .      Faith    .   (no shield)
rNeg    . . .      Spirit   .   (helmet restricted)
rPois   .          Reflect  .   B - amulet of the acrobat
rElec   .          Harm     .   k - ring of willpower
rCorr   .          Rampage  .   (no ring)
Will    +....                   (no ring)
Stlth   ++++......              (no ring)
HPRegen 0.18/turn               (no ring)
MPRegen 0.16/turn               (no ring)
                                (no ring)
                                (no ring)

@: acrobatic
A: almost no armour, amphibious, 8 rings, camouflage 1, gelatinous body 1,
(nimble swimmer 1), tentacles
a: Renounce Religion, Channel Magic


You were on level 7 of the Dungeon.
You worshipped Sif Muna.
Sif Muna was aware of your devotion.
You visited 2 branches of the dungeon, and saw 8 of its levels.
You also visited: Sewer.

You collected 320 gold pieces.

Inventory:

Hand Weapons
 b - a +2 falchion of freezing
 d - a +0 dagger
Missiles
 g - 35 poisoned darts
Magical Staves
 a - a staff of fire (weapon)
Jewellery
 k - a ring of willpower (left tentacle)
 m - an amulet of regeneration
 B - an amulet of the acrobat (around mantle)
Scrolls
 f - a scroll of fear {unknown}
 h - 2 scrolls of enchant weapon {unknown}
 i - a scroll of blinking {unknown}
 j - 3 scrolls of enchant armour {unknown}
 l - 5 scrolls of identify
 o - a scroll of acquirement {unknown}
 q - a scroll of summoning {unknown}
 v - a scroll of magic mapping {unknown}
 x - 2 scrolls of noise {unknown}
 y - a scroll of fog {unknown}
 z - a scroll of amnesia {unknown}
 A - a scroll of torment {unknown}
Potions
 c - 4 potions of curing
 e - a potion of attraction
 n - 2 potions of degeneration {unknown}
 p - a potion of heal wounds {unknown}
 r - a potion of cancellation {unknown}
 s - 3 potions of mutation {unknown}
 t - 2 potions of might {unknown}
 u - 3 potions of haste {unknown}
 w - a potion of lignification {unknown}


   Skills:
 + Level 1.7 Fighting
 + Level 1.2 Staves
 + Level 3.3 Dodging
 + Level 5.0 Stealth
 + Level 6.8 Spellcasting
 + Level 6.1 Conjurations
 + Level 1.4 Hexes
 + Level 7.1 Fire Magic


You had 10 spell levels left.
You knew the following spells:

 Your Spells              Type           Power      Damage    Failure   Level
a - Foxfire               Conj/Fire      100%       2x1d9     1%          1
b - Conjure Flame         Conj/Fire      51%        6-21      1%          3
c - Inner Flame           Hex/Fire       37%        N/A       4%          3
d - Flame Wave            Conj/Fire      51%        3d10      6%          4

Your spell library contained the following spells:

 Spells                   Type           Power      Damage    Failure   Level
 Magic Dart               Conj           100%       1d8       1%          1
 Scorch                   Fire           100%       2d10      1%          2
 Mephitic Cloud           Conj/Pois/Air  15%        N/A       12%         3
 Call Imp                 Summ           7%         N/A       14%         2
 Cause Fear               Hex            6%         N/A       45%         4
 Discord                  Hex            6%         N/A       100%        8


Dungeon Overview and Level Annotations

Branches:
Dungeon (7/15)             Temple (1/1) D:6           Sewer (visited)

Altars:
Cheibriados
Dithmenos
Elyvilon
Fedhas
Gozag
Hepliaklqana
Kikubaaqudgha
Makhleb
Nemelex Xobeh
Qazlal
Ru
Sif Muna
Trog
Vehumet
Xom
Zin
The Shining One

Shops:
D:5 *


Innate Abilities, Weirdness & Mutations

You cannot wear most types of armour.
You are amphibious.
You can wear up to eight rings at the same time.
Your skin changes colour to match your surroundings (Stealth+).
Your rubbery body absorbs attacks. (AC +1, EV +1)
((You are camouflaged near water. (Stealth+)))
You have tentacles for arms and can constrict up to eight enemies at once.


Message History

You feel a surge of power!
You conjure some foxfire!
The foxfire hits the wyvern skeleton!
The wyvern skeleton is heavily damaged.
The wyvern skeleton bites you!
The wyvern skeleton completely misses you.
The foxfire hits the wyvern skeleton.
The wyvern skeleton is severely damaged.
The foxfire hits the wyvern skeleton!
The wyvern skeleton is almost destroyed.
The foxfire hits the wyvern skeleton.
You destroy the wyvern skeleton!
Sif Muna accepts your kill.
Casting: Foxfire (safe; 1% risk of failure)
Confirm with . or Enter, or press ? or * to list all spells.
Aiming: Inner Flame (dangerous; 4% risk of failure)
Press: ? - help, Shift-Dir - straight line, f - gargoyle
Aim: a gargoyle, wielding a +0 mace (chance to affect: 77%)
You feel a surge of power!
The gargoyle is filled with an inner flame.
Unknown command.
Casting: Inner Flame (dangerous; 4% risk of failure)
Confirm with . or Enter, or press ? or * to list all spells.
You feel a surge of power!
You conjure some foxfire!
The gargoyle hits you with a +0 mace!
Unknown command.
The foxfire hits the gargoyle but does no damage. x2
The gargoyle hurls a stone arrow at you.
The stone arrow hits you!!
Ouch! That really hurt!
* * * LOW HITPOINT WARNING * * *
Unknown command.
Okay, then.
Okay, then.
Unknown command.
Unknown command.
Unknown command.
Unknown command.
The gargoyle hurls a stone arrow at you.
The stone arrow hits you!
You die...

#.# #.# #.# #.#
### #.# #.#
..###.## #.# ###..
.. ....###.###
......... #.
#......(..
###.....# #.
#.....!..o
........#
#.###9........
###...#.#
#.@............ #
#...#.#
#............... #
#...#.#
#..##...###...##..
###...#.######.#
#.#.# .#.#
.##............
#...# . #
.....########..
.###. # .##.## ##
#. .# .##.## . .
#. .##..# .#


You could see a gargoyle (inner flame).

Vanquished Creatures
  Sigmund (D:2)
  A water moccasin (D:6)
  Purgy (Sewer)
  2 sky beasts
  A black bear (D:6)
  A necrophage (D:5)
  3 ice beasts
  An ogre (D:6)
  A kobold brigand (D:7)
  3 bullfrogs (D:6)
  2 scorpions
  A wyvern zombie (D:7)
  2 wyvern skeletons
  4 wights (D:6)
  2 howler monkeys
  2 bullfrog zombies
  2 hounds
  A centaur skeleton (D:5)
  2 jellies
  6 iguanas
  3 orc wizards
  A hound skeleton (D:4)
  4 gnolls (D:4)
  5 adders
  A shadow imp (D:7)
  An adder skeleton (D:4)
  An adder zombie (D:5)
  2 worms
  A dart slug (D:5)
  15 orcs
  3 bats (D:1)
  5 endoplasms
  4 giant cockroaches
  2 goblins
  9 hobgoblins
  10 kobolds
  4 quokkas
  3 ball pythons
  5 frilled lizards
  3 rats
121 creatures vanquished.

Vanquished Creatures (others)
  516 foxfires
  A plant (D:6)
517 creatures vanquished.

Grand Total: 638 creatures vanquished

Notes
Turn   | Place    | Note
-------+----------+-------------------------------------------
     0 | D:1      | Conn the Octopode Fire Elementalist began the quest for the
                  | Orb.
     0 | D:1      | Reached XP level 1. HP: 11/11 MP: 3/3
   785 | D:1      | Reached XP level 2. HP: 17/17 MP: 1/5
  1440 | D:2      | Noticed Sigmund
  1459 | D:2      | Reached XP level 3. HP: 21/21 MP: 2/6
  1466 | D:2      | Learned a level 3 spell: Conjure Flame
  1470 | D:2      | Learned a level 3 spell: Inner Flame
  1699 | D:2      | Killed Sigmund
  1700 | D:2      | Reached skill level 4 in Fire Magic
  1700 | D:2      | Reached XP level 4. HP: 27/27 MP: 0/9
  1700 | D:2      | Reached XP level 5. HP: 31/31 MP: 0/10
  2364 | D:3      | Found a faded altar of an unknown god.
  2923 | D:3      | Learned a level 4 spell: Flame Wave
  2976 | D:4      | Reached XP level 6. HP: 29/37 MP: 5/11
  3334 | D:4      | Found a glowing drain.
  3347 | Sewer    | Entered a sewer
  3422 | Sewer    | Noticed Purgy
  3432 | Sewer    | Killed Purgy
  4070 | D:4      | Reached XP level 7. HP: 39/42 MP: 9/13
  4514 | D:5      | Entered Level 5 of the Dungeon
  4678 | D:5      | Reached skill level 5 in Fire Magic
  4731 | D:5      | Found Mafudagh's General Store.
  5148 | D:5      | Reached skill level 1 in Staves
  5148 | D:5      | Reached XP level 8. HP: 41/47 MP: 8/15
  5615 | D:6      | Found a blossoming altar of Fedhas.
  5632 | D:6      | Reached skill level 1 in Fighting
  5632 | D:6      | Reached skill level 5 in Spellcasting
  5788 | D:6      | Reached skill level 5 in Conjurations
  5810 | D:6      | Reached skill level 6 in Fire Magic
  5885 | D:6      | Identified the +0 ring mail "Egiqisk" {rN+ Int+4 Dex-3}
  5949 | D:6      | Found a staircase to the Ecumenical Temple.
  5960 | Temple   | Entered the Ecumenical Temple
  5966 | Temple   | Became a worshipper of Sif Muna the Loreminder
  6489 | D:6      | Reached XP level 9. HP: 44/54 MP: 9/17
  6664 | D:6      | Found a burning altar of Makhleb.
  6914 | D:7      | Reached skill level 1 in Hexes
  7012 | D:7      | Found a glowing silver altar of Zin.
  7012 | D:7      | Found a shimmering altar of Xom.
  7012 | D:7      | Noticed an angel
  7248 | D:7      | Reached skill level 5 in Stealth
  7285 | D:7      | Reached skill level 7 in Fire Magic
  7399 | D:7      | Reached * piety under Sif Muna
  7572 | D:7      | Noticed a gargoyle
  7579 | D:7      | Killed from afar by a gargoyle

Illustrated notes

Levels and vault maps discovered:
D:1:      dpeg_arrival_radiant, layout_loops_ring
D:2:      layout_rooms, uniq_sigmund
D:3:      layout_loops_ring, shapermc_ecumenical_altar_starsandcircs
D:4:      minmay_door_path, layout_loops_ring, cheibrodos_sewer_entry_bend
D:5:      layout_loops_ring, serial_shops, nicolae_stop_n_shop_2
D:6:      layout_basic, mainiacjoe_overflow_catwalk, fedhas_altar_1,
          minmay_temple_entry_grid
D:7:      layout_loops_ring, grunt_temple_overflow_order_and_chaos_1,
          minmay_starry_boxes
Temple:   nicolae_temple_x_marks_the_god

Skill      XL: |  1  2  3  4  5  6  7  8  9 |
---------------+----------------------------+-----
Stealth        | 3 4 5 |  5.0
Spellcasting   | 3 4 5 6 |  6.8
Conjurations   | 2 3 4 5 6 |  6.1
Fire Magic     | 4 5 6 7 |  7.1
Staves         | 1 |  1.2
Dodging        | 3 |  3.3
Fighting       | 1 |  1.7
Hexes          | 1 |  1.4

Action                   |  1- 3 |  4- 6 |  7- 9 || total
-------------------------+-------+-------+-------++-------
Melee: Unarmed           |     7 |       |       ||     7
       Staff             |     6 |    20 |    35 ||    61
       Constrict         |     1 |     7 |    11 ||    19
       Tentacles         |     1 |     1 |     7 ||     9
 Cast: Foxfire           |    43 |    81 |   192 ||   316
       Inner Flame       |       |       |    12 ||    12
       Conjure Flame     |       |       |     2 ||     2
  Use: Scroll            |       |     2 |       ||     2
 Stab: Sleeping          |       |     2 |     3 ||     5
Armor: Skin              |     6 |     1 |     5 ||    12
Dodge: Dodged            |    13 |    23 |    54 ||    90

Table legend: (Time is in decaauts)
 A = Elapsed time spent in this place.
 B = Non-inter-level travel time spent in this place.
 C = Inter-level travel time spent in this place.
 D = Time resting spent in this place.
 E = Time spent auto-exploring this place.
 F = Levels seen in this place.
 G = Mean time per level.
                   A        B        C        D        E       F      G
               +--------+--------+--------+--------+--------+-----+--------+
         Total |   7585 |   7458 |    127 |    121 |   5816 |   9 |  842.8 |
       Dungeon |   7223 |   7096 |    127 |    121 |   5569 |   7 | 1031.9 |
        Temple |     12 |     12 |      0 |      0 |      0 |   1 |   12.0 |
         Sewer |    348 |    348 |      0 |      0 |    247 |   1 |  348.0 |
               +--------+--------+--------+--------+--------+-----+--------+

Top non-repeatable levels by time:
     D:1: 1440 daAuts
     D:6: 1252 daAuts
     D:4: 1210 daAuts
     D:5: 1104 daAuts
     D:3: 975 daAuts
     D:7: 699 daAuts
     D:2: 541 daAuts
   Sewer: 348 daAuts
  Temple: 12 daAuts
